 Dungeon Crawl Stone Soup version 0.21.1-1-g345015f (webtiles) character file.

77 inc the Shield-Bearer (level 4, -1/31 HPs)
             Began as an Octopode Fighter on June 11, 2018.
             Killed by nerve-wracking pain
             ... invoked by an orc priest
              (12 damage)
             ... on level 3 of the Dungeon.
             The game lasted 00:01:19 (1139 turns).

inc the Shield-Bearer (Octopode Fighter)            Turns: 1139, Time: 00:01:20

Health: -1/31      AC:  1    Str: 15    XL:     4   Next: 34%
Magic:  4/4        EV: 11    Int: 11    God:
Gold:   91         SH:  9    Dex: 11    Spells: 3/3 levels left

rFire    . . .     SeeInvis .   a - +0 flail
rCold    . . .     Gourm    .   b - +0 shield
rNeg     . . .     Faith    .   (helmet restricted)
rPois    +         Spirit   .   (no amulet)
rElec    .         Reflect  .   e - ring of poison resistance
rCorr    .         Harm     .   (no ring)
MR       .....                  (no ring)
Stlth    ++........             (no ring)
HPRegen  0.10/turn              (no ring)
MPRegen  0.09/turn              (no ring)
                                (no ring)
                                (no ring)

@: drained
A: almost no armour, stealthy swim, amphibious, 8 rings, constrict 8, camouflage
1, gelatinous body 1
a: no special abilities


You were on level 3 of the Dungeon.
You were hungry.

You visited 1 branch of the dungeon, and saw 3 of its levels.

You collected 91 gold pieces.

Inventory:

Hand Weapons
 a - a +0 flail (weapon)
Armour
 b - a +0 shield (worn)
Jewellery
 e - a ring of poison resistance (left tentacle)
Wands
 k - a wand of polymorph (11)
Scrolls
 f - 2 scrolls of identify {unknown}
 g - a scroll of enchant armour {unknown}
 h - 3 scrolls of blinking {unknown}
 i - 2 scrolls of teleportation {unknown}
 j - 2 scrolls of fog {unknown}
 m - 2 scrolls of remove curse {unknown}
Potions
 c - 2 potions of might
 l - a potion of berserk rage {unknown}
 n - a potion of curing {unknown}
 o - a potion of haste {unknown}
Comestibles
 d - 5 rations


   Skills:
 + Level 3.1(2.9) Fighting
 + Level 3.3(3.1) Maces & Flails
 - Level 3.0(2.8) Dodging
 + Level 4.0(3.8) Shields


You had 3 spell levels left.
You didn't know any spells.

Dungeon Overview and Level Annotations

Branches:
Dungeon (3/15)

Altars:
Ru
Wu Jian


Innate Abilities, Weirdness & Mutations

You cannot wear most types of armour.
You are very stealthy in the water. (Stealth+)
You are amphibious.
You can wear up to eight rings at the same time.
You can use your tentacles to constrict eight enemies at once.
Your skin changes colour to match your surroundings (Stealth+).
Your rubbery body absorbs attacks. (AC +1, EV +1)


Message History

(D) Dungeon
Where to? (Enter - D:2 @ (x,y), ? - help)
You climb downwards.
The orc priest is too close now for your liking.
There is a stone staircase leading up here.
The orc priest hits you with a whip.
You closely miss the orc priest. Your grab misses the orc priest.
The orc priest barely misses you.
You closely miss the orc priest. Your grab misses the orc priest.
The orc priest hits you with a whip. The orc priest misses you.
You thump the orc priest! Your grab misses the orc priest.
Your squeeze misses the orc priest.
The orc priest is heavily wounded.
The orc priest closely misses you.
The orc priest mumbles some strange prayers to Beogh against you.
Beogh smites you!
There is a stone staircase leading up here.
The orc priest calls down the wrath of Beogh upon you.
Pain shoots through your body!
You die...

#...#####..
#.#.....s..
..##.#####.b
### #o# #.#
###.###
#...o.#
#..o..#
#....@#
#.....#
#.....#
#######


You could see 2 orc priests and an orc.

Vanquished Creatures
  3 adders (D:2)
  A worm (D:2)
  4 dart slugs
  2 leopard geckos
  2 ball pythons (D:2)
  A bat (D:1)
  5 giant cockroaches
  6 goblins (D:1)
  4 hobgoblins (D:2)
  3 frilled lizards
  5 kobolds
  2 rats
38 creatures vanquished.

Notes
Turn   | Place    | Note
-------+----------+-------------------------------------------
     0 | D:1      | inc the Octopode Fighter began the quest for the Orb.
     0 | D:1      | Reached XP level 1. HP: 16/16 MP: 1/1
    58 | D:1      | Reached XP level 2. HP: 18/21 MP: 2/2
   162 | D:1      | Reached XP level 3. HP: 22/26 MP: 3/3
   489 | D:2      | Found a sacrificial altar of Ru.
   672 | D:2      | Reached skill level 4 in Shields
   672 | D:2      | Reached XP level 4. HP: 19/31 MP: 4/4
   874 | D:2      | Found an ornate altar of the Wu Jian Council.
  1139 | D:3      | Killed from afar by an orc priest

Skill      XL: |  1  2  3 |
---------------+----------+-----
Maces & Flails | 3 |  3.3
Shields        | 4 |  4.0
Fighting       | |  3.1
Dodging        | |  3.0

Action                   |  1- 3 |  4- 6 || total
-------------------------+-------+-------++-------
Melee: Flail             |    64 |    13 ||    77
       Constrict         |    22 |     4 ||    26
       Tentacles         |    10 |     3 ||    13
 Stab: Sleeping          |     6 |     1 ||     7
Armor: Skin              |     1 |       ||     1
Dodge: Dodged            |    20 |     8 ||    28
Block: Shield            |    19 |     5 ||    24
